Get step-by-step instructions on how to execute this build order below. Start the game timer, and the build order will tick by so you can play in parallel with StarCraft on a second screen or mobile device.

Game Time

  0:00

Last Step

  N/A

Next Step

Upcoming Step



Don't want to look back and forth between 2 screens? Try out our Overwolf App, the Spawning Tool Build Advisor to get an in-game overlay with this build!

Complete Build Order

  12  0:01  Probe  
  13  0:14  Pylon  
  13  0:17  Probe  
  14  0:29  Probe  
  15  0:36  Gateway  
  15  0:41  Probe  
  16  0:52  Assimilator  
  16  0:56  Pylon  
  16  0:57  Probe  
  17  1:09  Probe  
  18  1:20  Gateway  
  18  1:23  Assimilator  
  18  1:35  Cybernetics Core  
  18  1:37  Probe  
  19  1:45  Assimilator  
  19  1:58  Probe  
  20  2:03  Stalker  
  20  2:04  Stalker  
  20  2:10  Probe  
  25  2:20  Warp Gate  
  25  2:25  Pylon  
  25  2:27  Probe  
  26  2:35  Stalker  
  28  2:42  Probe  
  29  2:50  Stalker  
  31  2:55  Probe  
  32  3:02  Stalker  
  34  3:20  Stalker  
  36  3:34  Pylon  
  36  3:43  Nexus  
  36  3:51  Stalker  
  36  3:55  Probe  
  39  4:07  Probe  
  38  4:18  Robotics Facility  
  38  4:20  Probe  
  39  4:31  Twilight Council  
  39  4:32  Probe  
  40  4:44  Probe  
  39  4:56  Probe x2  
  39  4:59  Stalker x2